 Dungeon Crawl Stone Soup version 0.26-a0-1177-g1209ec82b9 (webtiles) character file.

Game seed: 14511908371417807692

807 sokol815 the Covert (level 7, 0/46 HPs)
             Began as an Octopode Delver on Dec 25, 2020.
             Was an Initiate of Gozag.
             Slain by a centaur (7 damage)
             ... on level 6 of the Dungeon.
             The game lasted 00:08:33 (4755 turns).

sokol815 the Covert (Octopode Delver)               Turns: 4755, Time: 00:08:33

Health: 0/46       AC:  1    Str: 11    XL:     7   Next: 92%
Magic:  7/7        EV: 15    Int: 14    God:    Gozag
Gold:   210        SH:  0    Dex: 14    Spells: 6/6 levels left

rFire    . . .     SeeInvis .   a - +0 falchion
rCold    . . .     Faith    .   (no shield)
rNeg     . . .     Spirit   .   (helmet restricted)
rPois    .         Reflect  .   B - amulet of regeneration {+regen, !d}
rElec    .         Harm     .   x - ring of willpower
rCorr    .         Rampage  .   (no ring)
Will     +....                  (no ring)
Stlth    +++++.....             (no ring)
HPRegen  0.55/turn              (no ring)
MPRegen  0.10/turn              (no ring)
                                (no ring)
                                (no ring)

@: no status effects
A: almost no armour, stealthy swim, amphibious, 8 rings, constrict 8, camouflage
1, gelatinous body 1
a: Renounce Religion, Potion Petition, Call Merchant, Bribe Branch


You were on level 6 of the Dungeon.
You worshipped Gozag.
Gozag was aware of your devotion.
You visited 2 branches of the dungeon, and saw 7 of its levels.

You collected 256 gold pieces.
You paid 46 gold pieces to Gozag.

Inventory:

Hand Weapons
 a - a +0 falchion (weapon)
 b - a +2 dagger of flaming
   (You took it off a kobold on level 2 of the Dungeon)
Missiles
 e - 118 stones
 g - 21 sling bullets
 i - 17 arrows
 y - 8 bolts
Jewellery
 j - an uncursed amulet of reflection
   (You found it on level 1 of the Dungeon)
 x - a ring of willpower (left tentacle)
   (You found it on level 4 of the Dungeon)
 B - an amulet of regeneration (around mantle) {+regen, !d}
   (You found it on level 5 of the Dungeon)
Wands
 f - a wand of digging (3)
 l - a wand of flame (5)
   (You found it on level 4 of the Dungeon)
 A - a wand of enslavement (5)
   (You found it on level 4 of the Dungeon)
 C - a wand of iceblast (11)
   (You found it on level 5 of the Dungeon)
Scrolls
 c - 2 scrolls of magic mapping {!r}
 d - a scroll of fear
 h - a scroll of identify
 k - 2 scrolls of enchant armour
 m - a scroll of fog
 n - a scroll of immolation {!r}
 o - 2 scrolls of teleportation
 s - 3 scrolls of remove curse {unknown}
 t - 2 scrolls of amnesia {unknown}
 v - a scroll of enchant weapon {unknown}
Potions
 p - a potion of lignification {!q}
 q - a potion of haste
 u - 3 potions of curing
 w - a potion of heal wounds
 z - a potion of invisibility


   Skills:
 - Level 3.0 Fighting
 - Level 3.7(4.3) Short Blades
 + Level 3.2(4.1) Long Blades
 + Level 4.6 Dodging
 + Level 10.4 Stealth


You had 6 spell levels left.
You didn't know any spells.
Your spell library was empty.

Dungeon Overview and Level Annotations

Branches:
Dungeon (6/15)             Temple (1/1) D:4

Altars:
Elyvilon
Fedhas
Gozag
Hepliaklqana
Kikubaaqudgha
Makhleb
Okawaru
Sif Muna
Trog
Uskayaw
Vehumet
Wu Jian
Xom
Zin

Annotations:
D:4 Grinder


Innate Abilities, Weirdness & Mutations

You cannot wear most types of armour.
You are very stealthy in the water. (Stealth+)
You are amphibious.
You can wear up to eight rings at the same time.
You can use your tentacles to constrict eight enemies at once.
Your skin changes colour to match your surroundings (Stealth+).
Your rubbery body absorbs attacks. (AC +1, EV +1)


Message History

You now have 202 gold pieces (gained 4).
You see here a club.
You now have 210 gold pieces (gained 8).
Found a stone staircase leading down.
Health restored: 46 An orc comes into view.
It is wielding a +0 dagger.
An orc comes into view. It is wielding a +0 whip.
An orc comes into view. 2 orcs come into view.
The orc shouts! x3
The orc moves out of view.
The orc shouts!
You hit the orc. You burn the orc. You grab the orc.
You constrict the orc, but do no damage.
The orc barely misses you.
You hit the orc. You burn the orc.
You kill the orc!
The orc closely misses you.
You hit the orc but do no damage. You grab the orc.
You constrict the orc, but do no damage.
The orc struggles to escape constriction.
You hit the orc. You burn the orc. You squeeze the orc.
You kill the orc!
The orc closely misses you.
You hit the orc but do no damage. You grab the orc. You constrict the orc.
You hit the orc but do no damage. Your squeeze misses the orc.
You constrict the orc. The orc misses you. The orc closely misses you.
Your +2 dagger of flaming stops flaming.
a - a +0 falchion (weapon)
You constrict the orc, but do no damage.
The orc barely misses you.
You hit the orc but do no damage. You constrict the orc.
The orc completely misses you. The orc misses you.
You riposte.
You hit the orc but do no damage. The orc closely misses you.
The orc misses you.
You riposte.
You hit the orc. Your grab misses the orc. You hit the orc but do no damage.
You constrict the orc.
You kill the orc!
The orc hits you with a cursed +0 short sword.
The orc closely misses you.
You take 6 damage, and have 40/46 hp.
You hit the orc.
You kill the orc!
The orc hits you with a cursed +0 short sword.
You take 1 damage, and have 39/46 hp.
You barely miss the orc. You grab the orc.
You constrict the orc, but do no damage.
The orc hits you with a cursed +0 short sword.
You hit the orc but do no damage. Your squeeze misses the orc.
You constrict the orc, but do no damage.
The orc barely misses you.
You hit the orc. You constrict the orc.
You kill the orc!
A centaur comes into view.
Found an escape hatch in the floor.
Things that are here:
7 gold pieces; a cursed +0 short sword; a +0 ring mail The centaur shouts!
The centaur wields a +0 shortbow.
The centaur shoots an arrow.
The arrow barely misses you.
A centaur is nearby!
The centaur unwields a +0 shortbow.
The centaur hits you!
You take 10 damage, and have 31/46 hp.
MASSIVE DAMAGE!!
You completely miss the centaur. You squeeze the centaur. The centaur hits you.
The centaur hits you!
You take 13 damage, and have 18/46 hp.
MASSIVE DAMAGE!!
You are too injured to fight recklessly!
Unknown command.
You are too injured to fight recklessly!
Unknown command.
You are too injured to fight recklessly!
Unknown command.
You are too injured to fight recklessly!
You hit the centaur. You squeeze the centaur. The centaur hits you.
You take 1 damage, and have 17/46 hp.
You hit the centaur.
You squeeze the centaur, but do no damage.
The centaur hits you.
* * * LOW HITPOINT WARNING * * *
The centaur closely misses you.
You take 6 damage, and have 11/46 hp.
You completely miss the centaur. The centaur completely misses you.
You riposte.
You barely miss the centaur. The centaur completely misses you.
You hit the centaur. The centaur misses you.
You hit the centaur but do no damage. The centaur closely misses you. x2
You barely miss the centaur.
The centaur drinks a potion.
The centaur is healed!
The centaur barely misses you.
You riposte.
You hit the centaur. You hit the centaur but do no damage.
The centaur drinks a potion.
The centaur is healed!
You hit the centaur but do no damage. You squeeze the centaur!
The centaur barely misses you. The centaur hits you!
* * * LOW HITPOINT WARNING * * *
You take 8 damage, and have 6/46 hp.
You hit the centaur. Your squeeze misses the centaur. The centaur hits you!
You die...
Your body crumbles into a pile of gold.

#......># #...#
......#.# #...#
#.#...#.# #...####
#.....#.#######......>
#.###.#.#...(.$....#
..##.#........$....#
#.###.........$....###..
......###.#####........#
.##.#.###.# #.@.#####
.##..).##.# #..c#
.##.#..##.# #...#
.##.#..##.# #...#
..........# #...#
######.#### ##... #.#
###.# ..# .# ####


You could see a centaur.

Vanquished Creatures
  Menkaure (D:5)
  A sky beast (D:4)
  An ogre (D:4)
  A phantom (D:4)
  A hound (D:4)
  A bullfrog skeleton (D:5)
  2 orc wizards (D:4)
  4 worker ants
  A worker ant zombie (D:6)
  11 adders
  A howler monkey skeleton (D:4)
  A shadow imp (D:5)
  An ooze (D:2)
  An adder skeleton (D:3)
  2 worms (D:3)
  A leopard gecko (D:4)
  10 orcs
  3 giant cockroaches
  3 goblins
  2 hobgoblins (D:2)
  4 jackals (D:1)
  6 kobolds
  3 quokkas
  9 bats
  A jackal skeleton (D:4)
  A quokka skeleton (D:4)
  5 rats
78 creatures vanquished.

Notes
Turn   | Place    | Note
-------+----------+-------------------------------------------
     0 | D:5      | sokol815 the Octopode Delver began the quest for the Orb.
     0 | D:5      | Reached XP level 1. HP: 16/16 MP: 1/1
    67 | D:2      | Reached skill level 7 in Stealth
    67 | D:2      | Reached XP level 2. HP: 7/21 MP: 2/2
   301 | D:2      | Reached skill level 8 in Stealth
   301 | D:2      | Reached XP level 3. HP: 26/26 MP: 3/3
   325 | D:2      | Found a radiant altar of Vehumet.
   585 | D:1      | HP: 6/26 [jackal (2)]
   588 | D:1      | Reached XP level 4. HP: 8/31 MP: 4/4
  1757 | D:2      | Reached skill level 1 in Short Blades
  1898 | D:3      | Found a glowing silver altar of Zin.
  1926 | D:3      | Found a faded altar of an unknown god.
  2145 | D:3      | Reached XP level 5. HP: 36/36 MP: 5/5
  2424 | D:4      | Noticed a phantom
  2443 | D:4      | Reached skill level 2 in Short Blades
  2455 | D:4      | HP: 9/36 [phantom (9)]
  2456 | D:4      | Killed a phantom
  2457 | D:4      | Reached skill level 9 in Stealth
  2457 | D:4      | Reached XP level 6. HP: 11/42 MP: 6/6
  2682 | D:4      | Reached skill level 3 in Short Blades
  2701 | D:4      | Reached skill level 3 in Dodging
  2910 | D:4      | Found a hazy altar of Hepliaklqana.
  2911 | D:4      | Found a shimmering altar of Xom.
  2912 | D:4      | Noticed a spectral ugly thing
  3086 | D:4      | Reached XP level 7. HP: 46/46 MP: 7/7
  3161 | D:4      | Noticed Grinder
  3179 | D:4      | Found a shimmering blue altar of Sif Muna.
  3227 | D:4      | Found a staircase to the Ecumenical Temple.
  3248 | Temple   | Entered the Ecumenical Temple
  3386 | Temple   | Became a worshipper of Gozag Ym Sagoz the Greedy
  3500 | D:4      | Reached skill level 4 in Dodging
  3782 | D:4      | Reached skill level 10 in Stealth
  4045 | D:4      | Found a bloodstained altar of Trog.
  4550 | D:5      | Noticed Menkaure
  4553 | D:5      | Killed Menkaure
  4554 | D:5      | Reached skill level 3 in Long Blades
  4748 | D:6      | HP: 11/46 [centaur (6)]
  4754 | D:6      | HP: 6/46 [centaur (9)]
  4755 | D:6      | Slain by a centaur

Illustrated notes

Levels and vault maps discovered:
D:1:      minmay_arrival_solitary_statue, layout_loops_corners, st_stairs_6
D:2:      layout_basic, lemuel_doored_altar
D:3:      layout_rooms, lemuel_crystal_altar,
          chequers_ecumenical_altar_simple_redux
D:4:      layout_layer_cave, regret_index_temple_of_mockery, led_sif_pool,
          nicolae_overflow_crystal_walls, minmay_temple_entry_sparse_star,
          uniq_grinder
D:5:      layout_loops_ring, uniq_menkaure
D:6:      layout_loops_cross, kennysheep_mini_moat
Temple:   dpeg_chambers_temple

Skill      XL: |  1  2  3  4  5  6  7 |
---------------+----------------------+-----
Stealth        | 7 8 9 10 | 10.4
Short Blades   | 1 2 3 |  3.7
Dodging        | 3 4 |  4.6
Long Blades    | 3 |  3.2
Fighting       | |  3.0

Action                   |  1- 3 |  4- 6 |  7- 9 || total
-------------------------+-------+-------+-------++-------
Melee: Falchion          |    32 |     6 |    16 ||    54
       Constrict         |    13 |    16 |     8 ||    37
       Tentacles         |    13 |    12 |    12 ||    37
       Dagger            |    13 |    79 |    44 ||   136
Throw: Stone             |    21 |       |       ||    21
Evoke: Wand              |       |     7 |       ||     7
  Use: Potion            |     1 |       |       ||     1
       Scroll            |       |     2 |     7 ||     9
 Stab: Sleeping          |     1 |    17 |     6 ||    24
       Distracted        |       |     1 |       ||     1
Armor: Skin              |     2 |     2 |     1 ||     5
Dodge: Dodged            |    31 |    37 |    34 ||   102
Block: Other             |       |    14 |     2 ||    16
       Rpst.: Falchion   |     4 |     4 |     4 ||    12

Table legend: (Time is in decaauts)
 A = Elapsed time spent in this place.
 B = Non-inter-level travel time spent in this place.
 C = Inter-level travel time spent in this place.
 D = Time resting spent in this place.
 E = Time spent auto-exploring this place.
 F = Levels seen in this place.
 G = Mean time per level.
                   A        B        C        D        E       F      G
               +--------+--------+--------+--------+--------+-----+--------+
         Total |   4730 |   4556 |    174 |    991 |   2854 |   7 |  675.7 |
       Dungeon |   4550 |   4418 |    132 |    991 |   2722 |   6 |  758.3 |
        Temple |    180 |    138 |     42 |      0 |    132 |   1 |  180.0 |
               +--------+--------+--------+--------+--------+-----+--------+

Top non-repeatable levels by time:
     D:4: 1255 daAuts
     D:3: 964 daAuts
     D:1: 956 daAuts
     D:2: 806 daAuts
     D:5: 506 daAuts
  Temple: 180 daAuts
     D:6: 60 daAuts

Table legend:
 A = Kills in this place as a percentage of kills in entire the game.
 B = Kills by you in this place as a percentage of kills by you in the entire game.
 C = Kills by friends in this place as a percentage of kills by friends in the entire game.
 D = Other kills in this place as a percentage of other kills in the entire game.
 E = Experience gained in this place as a percentage of experience gained in the entire game.
 F = Experience gained in this place divided by the number of levels of this place that you have seen.
                   A       B       C       D       E      F
               +-------+-------+-------+-------+-------+----------------------
         Total | 100.0 | 100.0 |   N/A |   N/A | 100.0 | 164.9
       Dungeon | 100.0 | 100.0 |   N/A |   N/A | 100.0 | 192.3
               +-------+-------+-------+-------+-------+----------------------
